 Dungeon Crawl Stone Soup version 0.27-a0-681-g0c81a3c1c3 (webtiles) character file.

Game seed: 6543969018152252667

219 sizableburger the Shooter (level 5, 0/41 HPs)
             Began as a Mummy Hunter on Mar 20, 2021.
             Slain by an orc wizard
             ... wielding a +0 club
              (7 damage)
             ... on level 3 of the Dungeon.
             The game lasted 00:08:46 (4019 turns).

sizableburger the Shooter (Mummy Hunter)            Turns: 4019, Time: 00:08:47

Health: 0/41       AC:  4    Str: 16    XL:     5   Next: 64%
Magic:  5/5        EV: 12    Int: 11    God:
Gold:   103        SH:  0    Dex: 12    Spells: 4/4 levels left

rFire    x . .     SeeInvis .   a - +1 shortbow
rCold    + . .     Faith    .   (shield currently unavailable)
rNeg     + + +     Spirit   .   c - +0 leather armour
rPois    ∞         Reflect  .   i - +0 helmet
rElec    .         Harm     .   (no cloak)
rCorr    .         Rampage  .   (no gloves)
Will     .....                  (no boots)
Stlth    +.........             (no amulet)
HPRegen  0.13/turn              (no ring)
MPRegen  0.09/turn              (no ring)

@: no status effects
A: cold resistance 1, negative energy resistance 3, torment resistance 2,
unbreathing 1, heat vulnerability 1, no potions
a: no special abilities


You were on level 3 of the Dungeon.
You visited 1 branch of the dungeon, and saw 3 of its levels.

You collected 103 gold pieces.

Inventory:

Hand Weapons
 a - a +1 shortbow (weapon)
 k - a +2 mace of venom
Missiles
 d - 23 arrows (quivered ammo)
Armour
 c - a +0 leather armour (worn)
 i - a +0 helmet (worn)
Wands
 l - a wand of flame (20)
Scrolls
 b - a scroll of vulnerability
 e - a scroll of noise
 f - 2 scrolls of teleportation
 g - a scroll of enchant armour {unknown}
 h - a scroll of amnesia {unknown}
 j - a scroll of fear {unknown}


   Skills:
 + Level 3.5 Fighting
 - Level 1.0 Short Blades
 + Level 1.1 Maces & Flails
 + Level 4.1 Bows
 + Level 2.9 Dodging
 - Level 0.7 Stealth


You had 4 spell levels left.
You didn't know any spells.
Your spell library contained the following spells:

 Spells                   Type           Power      Damage    Failure   Level
 Confusing Touch          Hex            0%         N/A       78%         3
 Gell's Gravitas          Tloc           0%         N/A       78%         3
 Petrify                  Tmut/Erth      0%         N/A       99%         4
 Metabolic Englaciation   Hex/Ice        0%         N/A       100%        5
 Yara's Violent Unravell  Hex/Tmut       0%         3d3       100%        5


Dungeon Overview and Level Annotations

Branches:
Dungeon (3/15)

Altars:
Elyvilon
Zin
The Shining One


Innate Abilities, Weirdness & Mutations

You are immune to poison.
Your flesh is cold resistant. (rC+)
You are immune to negative energy. (rN+++)
You are immune to unholy pain and torment.
You can survive without breathing.
You are vulnerable to heat. (rF-)
You do not drink.


Message History

Aim: an orc wizard, wielding a +0 club and wearing a +0 robe (lightly wounded, 55% to hit)
You shoot an arrow. The arrow hits the orc wizard!
The orc wizard is almost dead.
The orc wizard hits you with a +0 club.
Okay, then.
There are no items here.
Fire: 27 arrows
Press: ? - help, Q - select action, (/) - cycle Shift-Dir - straight line, f/p - orc wizard
Aim: an orc wizard, wielding a +0 club and wearing a +0 robe (almost dead, 55% to hit)
You shoot an arrow.
The arrow closely misses the orc wizard.
The orc wizard hits you with a +0 club.
* * * LOW HITPOINT WARNING * * *
Fire: 26 arrows
Press: ? - help, Q - select action, (/) - cycle Shift-Dir - straight line, f/p - orc wizard
Aim: an orc wizard, wielding a +0 club and wearing a +0 robe (almost dead, 55% to hit)
You shoot an arrow.
The arrow closely misses the orc wizard.
The orc wizard hits you but does no damage.
Fire: 25 arrows
Press: ? - help, Q - select action, (/) - cycle Shift-Dir - straight line, f/p - orc wizard
Aim: an orc wizard, wielding a +0 club and wearing a +0 robe (almost dead, 55% to hit)
You shoot an arrow.
The arrow closely misses the orc wizard.
The orc wizard barely misses you. The orc wizard hits you with a +0 club.
* * * LOW HITPOINT WARNING * * *
Fire: 24 arrows
Press: ? - help, Q - select action, (/) - cycle Shift-Dir - straight line, f/p - orc wizard
Aim: an orc wizard, wielding a +0 club and wearing a +0 robe (severely wounded, 55% to hit)
You shoot an arrow.
The arrow hits the orc wizard but does no damage.
The orc wizard is severely wounded.
The orc wizard casts a spell at itself.
The orc wizard flickers and vanishes!
Deactivating autopickup; reactivate with Ctrl-A.
Okay, then.
Aiming: Throw Flame
Press: ? - help, Shift-Dir - straight line Something hits you!
You die...

.# .# .# ######
.# #....# .#
#....# ########
.# #....#
#......# .#
#....# #......#
.#
#....####......#
.#
#....'@{(....(.#
.#
#....####((....#
.
#############'##
##'#####...
....).....)...#
#)o........
###############
#.......###
........)...#
####.#'######
#.#'# #.)..


There were no monsters in sight!

Vanquished Creatures
  Jessica (D:2)
  Natasha (thrice) (D:2)
  Robin (D:2)
  2 adders (D:3)
  2 oozes (D:2)
  A worm (D:2)
  3 dart slugs
  2 leopard geckos
  6 orcs (D:3)
  2 giant cockroaches (D:2)
  9 goblins (D:2)
  7 hobgoblins
  6 jackals
  5 quokkas
  5 bats (D:2)
  3 frilled lizards
  5 kobolds
  5 rats
68 creatures vanquished.

Notes
Turn   | Place    | Note
-------+----------+-------------------------------------------
     0 | D:1      | sizableburger the Mummy Hunter began the quest for the Orb.
     0 | D:1      | Reached XP level 1. HP: 16/16 MP: 1/1
   307 | D:1      | Reached XP level 2. HP: 19/22 MP: 2/2
  1325 | D:2      | Noticed Robin
  1350 | D:2      | Reached XP level 3. HP: 28/28 MP: 3/3
  1390 | D:1      | Reached skill level 1 in Short Blades
  2263 | D:2      | Noticed Natasha
  2272 | D:2      | Killed Natasha
  2424 | D:2      | Reached XP level 4. HP: 33/34 MP: 4/4
  2496 | D:2      | Noticed Natasha
  2503 | D:2      | Killed Natasha
  2613 | D:2      | Killed Robin
  2915 | D:2      | Noticed Jessica
  2920 | D:2      | Killed Jessica
  2921 | D:2      | Reached XP level 5. HP: 41/41 MP: 5/5
  3492 | D:3      | Noticed an ogre
  3629 | D:2      | Noticed Natasha
  3642 | D:2      | Killed Natasha
  3643 | D:2      | Reached skill level 4 in Bows
  3687 | D:3      | Reached skill level 1 in Maces & Flails
  4019 | D:3      | Slain by an orc wizard

Illustrated notes

Levels and vault maps discovered:
D:1:      dpeg_arrival_arbitrary_c, layout_basic, minivault_11,
          minmay_misc_feat_ornament, chequers_serial_rivers_micro_a
D:2:      layout_loops_ring, good_gods_mini_temple, uniq_natasha, uniq_robin,
          uniq_jessica
D:3:      layout_basic, kennysheep_flooded_box,
          grunt_dithmenos_smoke_and_mirrors

Skill      XL: |  1  2  3  4  5 |
---------------+----------------+-----
Dodging        | 2 |  2.9
Short Blades   | 1 |  1.0
Fighting       | 3 |  3.5
Bows           | 4 |  4.1
Maces & Flails | 1 |  1.1
Stealth        | |  0.7

Action                   |  1- 3 |  4- 6 || total
-------------------------+-------+-------++-------
Melee: Short sword       |    29 |       ||    29
       Mace              |       |    35 ||    35
 Fire: Shortbow          |    87 |    69 ||   156
Evoke: Wand              |       |     1 ||     1
  Use: Scroll            |       |     3 ||     3
 Stab: Sleeping          |     1 |     3 ||     4
Armor: Leather armour    |    24 |    15 ||    39
Dodge: Dodged            |    65 |    45 ||   110

Table legend: (Time is in decaauts)
 A = Elapsed time spent in this place.
 B = Non-inter-level travel time spent in this place.
 C = Inter-level travel time spent in this place.
 D = Time resting spent in this place.
 E = Time spent auto-exploring this place.
 F = Levels seen in this place.
 G = Mean time per level.
                   A        B        C        D        E       F      G
               +--------+--------+--------+--------+--------+-----+--------+
         Total |   4058 |   3910 |    148 |   1728 |   1233 |   3 | 1352.7 |
       Dungeon |   4058 |   3910 |    148 |   1728 |   1233 |   3 | 1352.7 |
               +--------+--------+--------+--------+--------+-----+--------+

Top non-repeatable levels by time:
     D:2: 1839 daAuts
     D:1: 1633 daAuts
     D:3: 585 daAuts
